 Dungeon Crawl Stone Soup version 0.30.1-9-gdf580d7c3d (webtiles) character file.

Game seed: 7343444890174096042

35 razz0 the Shooter (level 3, -12/20 HPs)
             Began as a Kobold Hexslinger on Oct 13, 2023.
             Killed by an exploding adder (30 damage)
             ... ignited by their inner flame
             ... on level 2 of the Dungeon.
             The game lasted 00:11:43 (1581 turns).

razz0 the Shooter (Kobold Hexslinger)               Turns: 1581, Time: 00:11:43

Health: -12/20     AC:  3    Str:  7    XL:     3   Next: 52%
Magic:  0/4        EV: 15    Int: 14    God:
Gold:   41         SH:  0    Dex: 17    Spells: 3/4 levels left

rFire   . . .        a - +1 sling
rCold   . . .        (no shield)
rNeg    . . .        c - +0 robe
rPois   .            (no helmet)
rElec   .            d - +0 cloak
rCorr   .            (no gloves)
SInv    .            (no boots)
Will    .....        (no amulet)
Stlth   +++          (no ring)
HPRegen 0.23/turn    (no ring)
MPRegen 0.09/turn

%: no passive effects
@: no status effects
A: small, no large weapons, nightstalker 3
a: no special abilities


You were on level 2 of the Dungeon.
You visited 1 branch of the dungeon, and saw 2 of its levels.

You collected 41 gold pieces.

Inventory:

Hand Weapons
 a - a +1 sling (weapon)
 f - a +0 short sword
Armour
 c - a +0 robe (worn)
 d - a +0 cloak (worn)
Scrolls
 b - a scroll of poison
Potions
 g - a potion of might


   Skills:
 - Level 1.1 Fighting
 * Level 3.8 Ranged Weapons
 + Level 2.8 Dodging
 + Level 1.4 Stealth
 - Level 1.1 Spellcasting
 + Level 3.3 Hexes


You had 3 spell levels left.
You knew the following spells:

 Your Spells              Type           Power      Damage    Failure   Level
a - Slow                  Hex            40%        N/A       7%          1

Your spell library contained the following spells:

 Spells                   Type           Power      Damage    Failure   Level
 Inner Flame              Hex/Fire       5%         N/A       36%         3
 Portal Projectile        Hex/Tloc       10%        N/A       36%         3
 Cause Fear               Hex            5%         N/A       54%         4


Dungeon Overview and Level Annotations

Branches:
Dungeon (2/15)

Altars:


Innate Abilities, Weirdness & Mutations

You are small and have problems with some larger weapons.
You are completely attuned to the shadows.


Message History

g - a potion of might The adder bites you.
Okay, then.
Okay, then.
As you read the scroll labelled SISHATRETEI, it crumbles to dust.
The creatures around you are filled with an inner flame!
It was a scroll of immolation.
The adder closely misses you. The adder bites you.
You are poisoned.
The adder poisons you!
You feel sick.
You feel sick.
The hobgoblin shouts!
The hobgoblin hits you but does no damage.
You feel sick. The adder bites you.
You feel sick.
It was a potion of heal wounds.
You feel much better.
You feel sick. The adder barely misses you.
Casting: Slow (safe; 7% risk of failure)
Confirm with . or Enter, or press ? or * to list all spells.
Aiming: Slow (safe; 7% risk of failure)
Press: ? - help, Shift-Dir - straight line, f/p - adder
Aim: an adder (inner flame, chance to affect: 52%)
The adder seems to slow down.
You feel sick.
You feel sick.
You are no longer poisoned.
Press: ? - help, v - describe, . - travel The floor.
Unknown command.
Fire: a) +1 sling
Press: ? - help, Q - select action, (/) - cycle Shift-Dir - straight line, f - hobgoblin, p - adder
Aim: a hobgoblin (inner flame, 59% to hit)
You shoot a sling bullet. The sling bullet hits the adder.
Flame seeps out of the adder.
The adder is moderately wounded.
The adder is engulfed in blazing flames.
The adder explodes!
The fiery explosion engulfs you!!
Ouch! That really hurt!
You die...

### ..# #.#
####.#
#....#
#.##.#####
#........#
#<##.###@#
##.#..###○#
#.......#B#
#..#....#g#
+.......#S#
#.........#
#.##.#..###
#. #....#
#. ##.#.#


You could see a giant cockroach (inner flame), a hobgoblin (inner flame) and a
ball python (inner flame).

Vanquished Creatures
  2 adders (D:2)
  A dart slug (D:1)
  A bat (D:1)
  2 endoplasms
  2 giant cockroaches (D:1)
  A hobgoblin (D:1)
  3 kobolds (D:1)
  A quokka (D:1)
  4 ball pythons
  2 frilled lizards (D:1)
  3 goblins (D:1)
  2 rats (D:1)
24 creatures vanquished.

Notes
Turn   | Place    | Note
-------+----------+-------------------------------------------
     0 | D:1      | razz0 the Kobold Hexslinger began the quest for the Orb.
     0 | D:1      | Reached XP level 1. HP: 12/12 MP: 2/2
   245 | D:1      | Reached XP level 2. HP: 16/16 MP: 0/3
   861 | D:2      | Reached skill level 1 in Stealth
   861 | D:2      | Reached XP level 3. HP: 19/20 MP: 1/4
  1581 | D:2      | Killed by an exploding adder... ignited by their inner
                  | flame

Illustrated notes

Levels and vault maps discovered:
D:1:      lightli_arrival_statuegarden, layout_basic
D:2:      layout_loops_corners, minmay_pentomino_s4, uniq_jessica

Skill      XL: |  1  2 |
---------------+-------+-----
Ranged Weapons | 3 |  3.8
Stealth        | 1 |  1.4
Fighting       | |  1.1
Dodging        | |  2.8
Spellcasting   | |  1.1
Hexes          | |  3.3

Action                     || total
---------------------------++-------
  Melee: Unarmed           ||     3
   Fire: Sling             ||   111
   Cast: Slow              ||    33
    Use: Potion            ||     2
         Scroll            ||     2
 Armour: Robe              ||    17
  Dodge: Dodged            ||    58
